 Dungeon Crawl Stone Soup version 0.28-a0-1235-g7c8fac35f0 (webtiles) character file.

Game seed: 4027888778647063648

41 ChaosChampion the Skirmisher (level 3, -4/37 HPs)
             Began as an Ogre Warper on Dec 25, 2021.
             Slain by a gnoll (12 damage)
             ... on level 2 of the Dungeon.
             The game lasted 00:00:56 (1158 turns).

ChaosChampion the Skirmisher (Ogre Warper)          Turns: 1158, Time: 00:00:56

Health: -4/37      AC:  3    Str: 17    XL:     3   Next: 52%
Magic:  7/7        EV:  9    Int: 14    God:
Gold:   56         SH:  0    Dex:  8    Spells: 8/8 levels left

rFire   . . .      SeeInvis .   a - +0 mace
rCold   . . .      Faith    .   (no shield)
rNeg    . . .      Spirit   .   b - +0 robe
rPois   .          Reflect  .   (helmet restricted)
rElec   .          Harm     .   (no cloak)
rCorr   .          Rampage  .   (gloves unavailable)
Will    .....                   (boots unavailable)
Stlth   +.........              (no amulet)
HPRegen 0.12/turn               (no ring)
MPRegen 0.10/turn               (no ring)

@: no status effects
A: large, unfitting armour, tough skin 1
a: no special abilities


You were on level 2 of the Dungeon.
You visited 1 branch of the dungeon, and saw 2 of its levels.

You collected 56 gold pieces.

Inventory:

Hand Weapons
 a - a +0 mace (weapon)
Missiles
 d - 5 boomerangs of dispersal (quivered)
Armour
 b - a +0 robe (worn)
Jewellery
 g - a +4 ring of evasion
Scrolls
 c - a scroll of blinking
 e - a scroll of enchant armour {unknown}
 h - 2 scrolls of enchant weapon {unknown}
 i - a scroll of magic mapping {unknown}
 j - a scroll of fog {unknown}
Potions
 f - a potion of curing {unknown}
 k - a potion of resistance {unknown}


   Skills:
 + Level 3.4 Fighting
 + Level 2.2 Maces & Flails
 - Level 1.0 Throwing
 - Level 2.1 Dodging
 + Level 3.0 Spellcasting
 + Level 3.0 Translocations


You had 8 spell levels left.
You didn't know any spells.
Your spell library contained the following spells:

 Spells                   Type           Power      Damage    Failure   Level
 Blink                    Tloc           20%        N/A       9%          2
 Gell's Gravitas          Tloc           10%        N/A       19%         3
 Lesser Beckoning         Tloc           10%        N/A       19%         3
 Teleport Other           Tloc           10%        N/A       19%         3
 Manifold Assault         Tloc           10%        N/A       86%         5


Dungeon Overview and Level Annotations

Branches:
Dungeon (2/15)

Altars:

Annotations:
D:2 Natasha


Innate Abilities, Weirdness & Mutations

You are too large for most types of armour.
You have tough skin. (AC +1)


Message History

The gnoll closely misses you.
Natasha, Servant of Life and Death comes into view.
Natasha hisses angrily.
You sock the gnoll!
You kill the gnoll!
The gnoll hits you but does no damage.
Your Spellcasting skill increases to level 3!
You hit the gnoll but do no damage. The gnoll hits you with a +0 flail.
A gnoll comes into view. It is wielding a +0 flail.
You barely miss the gnoll. The gnoll hits you with a +0 flail. x2
The gnoll barely misses you.
You closely miss the gnoll.
The gnoll shouts!
The rat barely misses you. The gnoll closely misses you.
The gnoll barely misses you. The rat bites you.
The gnoll hits you with a +0 flail!
* * * LOW HITPOINT WARNING * * *
You are too injured to fight recklessly!
There are monsters nearby!
There are monsters nearby!
The gnoll throws a throwing net.
The throwing net closely misses you.
Natasha mumbles some strange words.
Natasha casts a spell.
The crimson imp blinks!
Natasha casts a spell.
You are too injured to fight recklessly!
You are too injured to fight recklessly!
You hit the rat.
You kill the rat!
You hit the endoplasm.
The endoplasm is almost dead.
The endoplasm hits you but does no damage.
You hit the endoplasm.
You kill the endoplasm!
The white imp gestures at you. The puff of frost hits you!
* * * LOW HITPOINT WARNING * * *
The crimson imp blinks!
The gnoll hits you with a +0 flail!
You die...

#.###.# #####...#.# ##########
#.......#.# #........#
#.###...#.###........#
#########.....#...†...†......#
#..........#..#.#.###........#
###.######...#....#............#
#.......##g5...g#.#####..#######
#.......##.#...@#.....#..#######
#.......##.##########.#..(......
#.........†5†.gh.gr.gr..[.....5.
#.......#######g#####.#.......)#
###>.....................g......
#############.#####.#.#.####.#
#.# #...#......# #.#
############ #..


You could see a gnoll, a white imp (summoned) and a goblin.

Vanquished Creatures
  A gnoll (D:2)
  3 endoplasms
  5 giant cockroaches
  3 goblins
  3 ball pythons (D:1)
  3 bats
  5 frilled lizards
  A kobold (D:1)
  9 rats
33 creatures vanquished.

Notes
Turn   | Place    | Note
-------+----------+-------------------------------------------
     0 | D:1      | ChaosChampion the Ogre Warper began the quest for the Orb.
     0 | D:1      | Reached XP level 1. HP: 22/22 MP: 3/3
   306 | D:1      | Reached XP level 2. HP: 31/31 MP: 5/5
   877 | D:1      | Found a faded altar of an unknown god.
  1019 | D:2      | Reached XP level 3. HP: 37/37 MP: 7/7
  1124 | D:2      | Noticed Natasha
  1158 | D:2      | Slain by a gnoll

Illustrated notes

Levels and vault maps discovered:
D:1:      ebering_hopf_link, layout_loops_ring,
          hellmonk_ecumenical_altar_leap_of_faith,
          corexii_item_surrounded_by_moat
D:2:      layout_basic, uniq_natasha

Skill      XL: |  1  2  3 |
---------------+----------+-----
Fighting       | 3 |  3.4
Maces & Flails | 2 |  2.2
Translocations | 3 |  3.0
Spellcasting   | 3 |  3.0
Throwing       | |  1.0
Dodging        | |  2.1

Action                   || total
-------------------------++-------
Melee: Mace              ||    90
 Stab: Sleeping          ||     1
Armor: Robe              ||    23
Dodge: Dodged            ||    63

Table legend: (Time is in decaauts)
 A = Elapsed time spent in this place.
 B = Non-inter-level travel time spent in this place.
 C = Inter-level travel time spent in this place.
 D = Time resting spent in this place.
 E = Time spent auto-exploring this place.
 F = Levels seen in this place.
 G = Mean time per level.
                   A        B        C        D        E       F      G
               +--------+--------+--------+--------+--------+-----+--------+
         Total |   1184 |   1158 |     26 |      0 |    934 |   2 |  592.0 |
       Dungeon |   1184 |   1158 |     26 |      0 |    934 |   2 |  592.0 |
               +--------+--------+--------+--------+--------+-----+--------+

Top non-repeatable levels by time:
     D:1: 1037 daAuts
     D:2: 147 daAuts
